AoeStats
← ITZ | AutocavS

Arabia

510625173Analyzed
1v1 RM · 2d ago on Oct 1, 2026· 15m 0s· 2 players
Game mode
Random Map
Map size
Tiny (2 player)
Population
200
Speed
Normal
Resources
Standard
Victory
Conquest
Starting age
Dark Age
Ending age
Imperial Age
RankedLock teamsTeams togetherTeam positionsShared explorationLock speedFull tech treeHidden civsTurbo modeCheats
Victory
Defeat
🇦🇷 Magyars · Argentina
1463
+17
🇺🇸 Ethiopians · United States
1477
-17
ITZ | AutocavS
6:01 Loom
9:03 Feudal Age
9:52 Double-Bit Axe
12:31 Horse Collar
Meek27
6:39 Loom
9:19 Feudal Age
9:48 Double-Bit Axe
11:14 Man-at-Arms
14:38 Fletching
Connection lost

Rejoining the realm…

Still unreachable

The connection could not be restored.

Session expired

The server has moved on; the page needs a fresh start.